 Adventure DCSS version bcrawl-1.21.2-28-g2cb1824106 (webtiles) character file.

Game seed: 18013037102232198317

2337 galech the Cleaver (level 9, 71/71 HPs)
             Began as a Demonspawn Fighter on Mar 10, 2020.
             Was a Believer of Okawaru.
             Quit the game on level 9 of the Dungeon.
             The game lasted 00:10:38 (8796 turns).

galech the Cleaver (Demonspawn Fighter)             Turns: 8796, Time: 00:10:38

Health: 71/71      AC: 15    Str: 16    XL:     9   Next: 19%
Magic:  9/9        EV: 11    Int:  9    God:    Okawaru [**....]
Gold:   505        SH: 10    Dex: 17    Spells: 8/8 levels left
                                        Lives:  0   Deaths: 2

rFire    . . .     SeeInvis .   a - +0 war axe
rCold    . . .     Gourm    .   c - +0 medium shield
rNeg     + . .     Faith    .   k - +0 pearl dragon scales
rPois    .         Spirit   +   w - +2 hat
rElec    .         Reflect  .   H - +0 cloak
rCorr    +         Harm     .   (no gloves)
MR       .....                  (no boots)
Stlth    +++.......             d - amulet of guardian spirit
HPRegen  0.21/turn              y - +1 ring of evasion
MPRegen  0.11/turn              J - ring of resist corrosion

@: no status effects
A: antennae 2, nightstalker 2, sturdy frame 1
a: Heroism, Renounce Religion


You were on level 9 of the Dungeon.
You worshipped Okawaru.
Okawaru was pleased with you.
You were not hungry.

You visited 2 branches of the dungeon, and saw 10 of its levels.
You also visited: Ossuary.

You collected 505 gold pieces.

Inventory:

Hand Weapons
 a - a +0 war axe (weapon)
Armour
 c - a +0 medium shield (worn)
 k - +0 pearl dragon scales (worn)
 w - a +2 hat (worn)
 H - a +0 cloak (worn)
Jewellery
 d - an amulet of guardian spirit (around neck)
 y - a +1 ring of evasion (left hand)
 I - an uncursed ring of insulation
 J - a ring of resist corrosion (right hand)
Wands
 x - a wand of polymorph (22)
 A - a wand of flame (30)
 F - a wand of iceblast (15)
Scrolls
 b - 7 scrolls of teleportation
 g - 5 scrolls of amnesia
 l - 4 scrolls of magic mapping
 n - 11 scrolls of identify
 p - 3 scrolls of noise {unknown}
 q - 2 scrolls of fear {unknown}
 r - 3 scrolls of remove curse {unknown}
 z - a scroll of enchant weapon {unknown}
 G - a scroll of immolation {unknown}
Potions
 f - 3 potions of curing {unknown}
 h - 3 potions of lignification
 i - a potion of haste {unknown}
 j - a potion of mutation {unknown}
 m - 2 potions of heal wounds
 o - 2 potions of ambrosia {unknown}
 s - 3 potions of degeneration {unknown}
 t - a potion of berserk rage {unknown}
 u - 2 potions of agility {unknown}
 v - a potion of brilliance {unknown}
 B - 2 potions of invisibility
 C - 2 potions of resistance {unknown}
 D - 2 potions of might
 E - a potion of flight {unknown}
Comestibles
 e - 14 rations {!d}
 K - 13 chunks of flesh


   Skills:
 + Level 6.4 Fighting
 + Level 9.4 Axes
 + Level 5.5 Armour
 + Level 3.5 Dodging
 + Level 2.5 Stealth
 + Level 6.2 Shields
 + Level 0.1 Invocations


You had 8 spell levels left.
You didn't know any spells.
Your spell library contained the following spells:

 Spells                   Type           Power        Failure   Level  Hunger
 Magic Dart               Conj           #...         97%         1    ##.....
 Blink                    Tloc           N/A          99%         2    ###....
 Call Imp                 Summ           #.....       99%         2    ###....
 Conjure Flame            Conj/Fire      #.......     100%        3    ####...
 Mephitic Cloud           Conj/Pois/Air  #.......     100%        3    ####...
 Spider Form              Tmut/Pois      #..          100%        3    ####...


Dungeon Overview and Level Annotations

Branches:
Dungeon (9/12)             Temple (1/1) D:6
   Lair: D:7-9          Orc: D:8-11

Altars:
Ashenzari
Dithmenos
Elyvilon
Fedhas
Gozag
Kikubaaqudgha
Lugonu
Makhleb
Nemelex Xobeh
Okawaru
Qazlal
Ru
Sif Muna
Trog
Wu Jian
Yredelemnul
Zin
The Shining One

Shops:
D:4 !   D:6 }


Innate Abilities, Weirdness & Mutations

You have a pair of antennae on your head.
You are significantly more attuned to the shadows.
Your movements are slightly less encumbered by armour. (ER -2)


Message History

The troll claws you!
* * * LOW HITPOINT WARNING * * *
The troll claws you but does no damage.
You hit the hound.
The hound is heavily wounded.
You hit the troll. You slash the troll! The hound bites you.
* * * LOW HITPOINT WARNING * * *
You block the troll's attack. The troll claws you.
* * * LOW HITPOINT WARNING * * *
The troll completely misses you. The troll bites you!
You die...
You block the troll's attack. The troll barely misses you.
The hound completely misses you.
Xom reaches out...
You are now level 9!
You rejoin the land of the living...
Found a stone staircase leading down.
There is a stone staircase leading down here.
The wyvern skeleton is too close now for your liking.
Are you sure you want to abandon this character and quit the game? (Confirm with "yes".)

#........# #....#.#.#
#.....)..#####..#.#.#.#
#.[.รท....>..(...#.....#
#(........###...#.#.### ###
#.........# #..<#.#.#
..######.........# #.#.#.#.#
...##......Z....)###...#.#.###
........()................>..#
...##...........@........#####
##..#.......###.##########
##.#.......# #.# #.#.......#
#.# #.)...#...# #.
####....#...# #. #.......#####
#.....### #......#


You could see a wyvern skeleton.

Vanquished Creatures
  A centaur zombie (D:5)
  A slime creature (D:8)
  A hippogriff (D:9)
  9 yaks
  2 orc warriors
  An ice beast (D:7)
  A sky beast (D:5)
  4 ogres
  A wolf (D:9)
  5 centaurs
  2 bullfrogs (D:6)
  A howler monkey (D:5)
  2 crimson imps (D:7)
  7 hounds
  4 orc priests
  13 orc wizards
  3 iguanas
  3 worker ants
  8 big kobold zombies (Ossuary)
  A hound skeleton (D:3)
  A mummy (Ossuary)
  2 worker ant zombies
  7 adders
  3 shadow imps
  2 oozes
  An adder skeleton (D:4)
  3 worms
  3 dart slugs
  A leopard gecko (D:2)
  27 orcs
  A spectral bat (Ossuary)
  6 giant cockroaches
  6 hobgoblins
  10 jackals
  11 kobolds
  4 quokkas
  5 bats
  4 bat simulacra (Ossuary)
  A frilled lizard (D:3)
  4 gnoll zombies (Ossuary)
  4 goblins
  3 goblin simulacra (Ossuary)
  3 goblin zombies (Ossuary)
  6 hobgoblin zombies (Ossuary)
  2 kobold simulacra (Ossuary)
  6 kobold zombies (Ossuary)
  3 orc zombies (Ossuary)
  8 rats
  2 rat simulacra (Ossuary)
  2 spectral goblins (Ossuary)
  A spectral kobold (Ossuary)
  2 spectral rats (Ossuary)
214 creatures vanquished.

Vanquished Creatures (others)
  An orc wizard (D:9)
1 creature vanquished.

Grand Total: 215 creatures vanquished

Notes
Turn   | Place    | Note
-------+----------+-------------------------------------------
     0 | D:1      | galech the Demonspawn Fighter began the quest for the Orb.
     0 | D:1      | Reached XP level 1. HP: 18/18 MP: 1/1
   213 | D:1      | Gained mutation: You have a pair of small antennae on your
                  | head. [demonic ancestry]
   213 | D:1      | Reached XP level 2. HP: 14/24 MP: 2/2
   233 | D:1      | Reached skill level 2 in Axes
   943 | D:2      | Reached XP level 3. HP: 29/29 MP: 3/3
   973 | D:2      | Found a stormy altar of Qazlal.
   973 | D:2      | Found an ornate altar of the Wu Jian Council.
   977 | D:2      | Found a basalt altar of Yredelemnul.
   977 | D:2      | Found a corrupted altar of Lugonu.
  1472 | D:2      | Found a white marble altar of Elyvilon.
  1782 | D:3      | Reached XP level 4. HP: 29/35 MP: 4/4
  1955 | D:3      | Noticed a centaur
  1966 | D:3      | Killed a centaur
  1966 | D:3      | Reached skill level 3 in Axes
  1966 | D:3      | Reached skill level 1 in Dodging
  1966 | D:3      | Gained mutation: You have a pair of antennae on your head.
                  | [demonic ancestry]
  1966 | D:3      | Reached XP level 5. HP: 21/41 MP: 5/5
  2917 | D:4      | Found Obilyrio's Distillery.
  3161 | D:5      | Entered Level 5 of the Dungeon
  3162 | D:5      | Noticed a sky beast
  3183 | D:5      | Slain by a sky beast
  3184 | D:5      | Reached XP level 4. HP: 0/36 MP: 4/4
  3223 | D:5      | Killed a sky beast
  3223 | D:5      | Reached XP level 5. HP: 26/42 MP: 5/5
  3232 | D:5      | Noticed a centaur
  3244 | D:5      | Killed a centaur
  3244 | D:5      | Reached skill level 4 in Axes
  3244 | D:5      | Gained mutation: You are slightly more attuned to the
                  | shadows. [demonic ancestry]
  3244 | D:5      | Reached XP level 6. HP: 24/48 MP: 6/6
  3427 | D:5      | Reached skill level 5 in Axes
  3427 | D:5      | Reached XP level 7. HP: 53/55 MP: 7/7
  4381 | D:6      | Reached skill level 6 in Axes
  4381 | D:6      | Gained mutation: Your movements are slightly less
                  | encumbered by armour. (ER -2) [demonic ancestry]
  4381 | D:6      | Reached XP level 8. HP: 53/61 MP: 6/8
  4513 | D:6      | Found a sand-covered staircase.
  4520 | Ossuary  | Entered an ossuary
  4914 | Ossuary  | Reached skill level 5 in Fighting
  4935 | Ossuary  | Reached skill level 5 in Shields
  5314 | D:6      | Reached skill level 7 in Axes
  5524 | D:6      | Found Cagis's Gadget Shoppe.
  5765 | D:6      | Found a staircase to the Ecumenical Temple.
  5775 | D:6      | Got a warped quarterstaff
  5781 | Temple   | Entered the Ecumenical Temple
  5889 | Temple   | Became a worshipper of Warmaster Okawaru
  6460 | D:7      | Gained mutation: You are significantly more attuned to the
                  | shadows. [demonic ancestry]
  6460 | D:7      | Reached XP level 9. HP: 16/68 MP: 2/9
  6919 | D:7      | Reached skill level 1 in Stealth
  7111 | D:7      | Reached skill level 8 in Axes
  7111 | D:7      | Reached skill level 5 in Armour
  7310 | D:7      | Reached * piety under Okawaru
  7823 | D:8      | Reached skill level 9 in Axes
  8000 | D:8      | Noticed a death knight
  8332 | D:8      | Reached XP level 10. HP: 35/76 MP: 5/10
  8634 | D:9      | Reached ** piety under Okawaru
  8773 | D:9      | Slain by a troll
  8774 | D:9      | Reached XP level 9. HP: -5/71 MP: 0/9
  8796 | D:9      | Quit the game

Skill      XL: |  1  2  3  4  5  6  7  8  9 |
---------------+----------------------------+-----
Axes           | 2 3 4 5 6 7 9 |  9.4
Shields        | 3 4 5 6 |  6.2
Armour         | 3 4 5 |  5.5
Dodging        | 1 2 3 |  3.5
Fighting       | 4 5 6 |  6.4
Stealth        | 2 |  2.5
Invocations    | |  0.1

Action                   |  1- 3 |  4- 6 |  7- 9 | 10-12 || total
-------------------------+-------+-------+-------+-------++-------
Melee: War axe           |   159 |   167 |   576 |    60 ||   962
Invok: Heroism           |       |       |     2 |     1 ||     3
  Use: Potion            |     1 |     1 |     3 |       ||     5
       Scroll            |       |       |     4 |       ||     4
 Stab: Sleeping          |       |       |     9 |     3 ||    12
       Distracted        |       |       |     1 |       ||     1
  Eat: Chunk             |     2 |     5 |    10 |       ||    17
       Ration            |       |       |     1 |     1 ||     2
Armor: Scale mail        |    18 |       |       |       ||    18
       Pearl dragon scal |   111 |   117 |   229 |    30 ||   487
       Skin              |       |       |    14 |       ||    14
Dodge: Dodged            |    50 |    59 |   172 |    33 ||   314
Block: Medium shield     |    95 |    76 |   264 |    42 ||   477
